[Event "3rd Sunway Formentera-A 2024"]
[Site "Formentera"]
[Date "2024.04.19"]
[Round "10.3"]
[White "Pranav, V."]
[Black "Baklan, Vladimir"]
[Result "1-0"]
[ECO "C27"]
[WhiteElo "2604"]
[BlackElo "2531"]
[Annotator "TA"]
[PlyCount "145"]
[EventDate "2024.04.03"]
[EventType "swiss"]
[EventCountry "ESP"]
[SourceTitle "playchess.com"]
[Source "ChessBase"]
[SourceQuality "1"]
[TimeControl "40/5400+30:1800+30"]

1. e4 e5 2. Nc3 Nf6 3. Bc4 Nxe4 4. Qh5 Nd6 5. Qxe5+ Qe7 6. Qxe7+ Bxe7 7. Be2 {[%emt 0:00:10] C27: Vienna Game: 2...Nf6 3 Bc4 Nxe4.} c6 8. Nf3 Nf5 9. g4 Nh4 10. Nxh4 Bxh4 11. Ne4 Be7 12. d4 d5 13. Ng3 O-O 14. Bf4 c5 15. O-O-O $146 ({Predecessor:} 15. dxc5 Bxc5 16. O-O Nc6 17. c3 Be6 18. Bf3 Rfd8 19. h3 d4 20. Ne4 Be7 21. Rfd1 {0-1 Daggupati,B (2467)-Theodorou,N (2577) New York Winter GM-A 2022 (8)}) 15... cxd4 16. Rxd4 Be6 17. Nf5 Bc5 18. Rd2 Nc6 19. Bd6 Bxd6 20. Nxd6 b6 21. f4 Rad8 22. Nb5 f5 23. Nc7 Bf7 24. gxf5 Rd6 25. Bf3 Ne7 26. Re1 Nxf5 27. Bxd5 Rc8 28. Re5 Nh6 29. b3 g6 30. Bxf7+ Nxf7 31. Rxd6 Nxd6 32. Re7 Rf8 33. Rd7 Nf5 34. Nb5 a5 35. Rb7 Rf6 36. Nc3 Ne3 37. Kd2 Nf1+ 38. Ke2 $1 Rxf4 39. Nd5 Rf8 40. h3 Ng3+ 41. Ke3 Nf5+ 42. Kd3 g5 43. Rxb6 Kg7 44. Nc7 Kf7 45. Ke4 Ne7 46. c4 h5 47. Rb5 (47. Ne6 $6 Rg8 $16) 47... Rg8 (47... Kg6 $16 48. Rb6+ (48. Rxa5 Rf4+ 49. Ke3 Rh4 $14) (48. Ne6 Rf2 $18) 48... Kf7) 48. Rxa5 $18 g4 49. hxg4 $1 (49. Rxh5 g3 50. Rh7+ Kg6 $19) 49... hxg4 50. Rh5 $1 g3 51. Rh7+ Kg6 52. Rh1 $1 (52. Rxe7 $2 g2 53. Re6+ Kf7 $19) 52... Rh8 53. Rg1 (53. Rxh8 g2 54. Nd5 Kg7 $17) 53... Nf5 $2 (53... Rh4+ 54. Ke5 Rg4) 54. a4 $18 Rb8 55. Nb5 $1 Kg5 56. a5 Ra8 57. a6 Rxa6 {[%emt 0:05:53] [#]} 58. Nd4 $1 Nxd4 $2 (58... Nd6+ 59. Kf3 Kf6) 59. Kxd4 $18 Kf4 60. c5 Kf3 61. Kd5 Ra3 62. Rb1 Ra2 63. c6 g2 {[%emt 0:00:32] [#]} 64. c7 $1 Rc2 65. Kd6 Ke2 66. b4 Rd2+ 67. Kc6 Rd1 68. c8=Q ({Worse is} 68. c8=R g1=Q (68... g1=R $2 {loses.} 69. Rxd1 Rxd1 70. b5 $18) 69. Rxd1 Qxd1 $19 (69... Kxd1 $2 70. Kb5 $17)) 68... Rxb1 69. Qg4+ Ke3 70. Qg3+ Kd4 71. Qxg2 Rxb4 72. Qd2+ Kc4 73. Qc2+ 1-0

[Event "3rd Sunway Formentera-A 2024"]
[Site "Formentera"]
[Date "2024.04.19"]
[Round "10.4"]
[White "Song, Yuxin"]
[Black "Mohamed Anees M"]
[Result "1/2-1/2"]
[ECO "C67"]
[WhiteElo "2379"]
[BlackElo "2253"]
[Annotator "TA"]
[PlyCount "63"]
[EventDate "2024.04.03"]
[EventType "swiss"]
[EventCountry "ESP"]
[SourceTitle "playchess.com"]
[Source "ChessBase"]
[SourceQuality "1"]
[TimeControl "40/5400+30:1800+30"]

1. e4 e5 2. Nf3 Nc6 3. Bb5 Nf6 4. O-O Nxe4 5. Re1 Nd6 6. Nxe5 Nxe5 7. Rxe5+ Be7 8. Bf1 O-O 9. d4 Bf6 10. Re1 Re8 11. c3 Rxe1 12. Qxe1 Ne8 13. Bf4 d5 14. Bd3 g6 15. Nd2 Ng7 16. Qe2 c6 17. Re1 Bf5 18. Bxf5 Nxf5 19. Nf3 Ng7 20. Be5 Bxe5 21. Qxe5 Qe8 (21... Qb6 $11) 22. Qxe8+ ({Better is} 22. Qf6 $16 Ne6 23. Ng5) 22... Rxe8 $11 23. Rxe8+ Nxe8 $16 {[%emt 0:00:00][%mdl 4096] Endgame. KN-KN} 24. Ne5 Nd6 25. Nd3 Kf8 26. Kf1 Ke7 27. Ke2 h5 28. h4 b6 29. b3 (29. Ne5 $5) 29... Kd7 (29... f6 $11 {keeps the balance.}) 30. Ne5+ Kc7 31. Nd3 {[%emt 0:00:00] White is more active.} (31. Ke3 $16) 31... Kd7 $11 32. Ne5+ {[%emt 0:00:00] Weighted Error Value: White=0.13 (very precise) /Black=0.26 (precise) .  Mistake:       	White=2     	Black=2      OK:         	White=6     	Black=10     Best:        	White=1     	---} 1/2-1/2

[Event "3rd Sunway Formentera-A 2024"]
[Site "Formentera"]
[Date "2024.04.19"]
[Round "10.5"]
[White "Fernandez Guillen, Ernesto J."]
[Black "Moussard, Jules"]
[Result "0-1"]
[ECO "C54"]
[WhiteElo "2474"]
[BlackElo "2610"]
[Annotator "TA"]
[PlyCount "78"]
[EventDate "2024.04.03"]
[EventType "swiss"]
[EventCountry "ESP"]
[SourceTitle "playchess.com"]
[Source "ChessBase"]
[SourceQuality "1"]
[TimeControl "40/5400+30:1800+30"]

1. e4 e5 2. Nf3 Nc6 3. Bc4 Nf6 4. d3 Bc5 5. h3 d6 6. c3 a5 {[%emt 0:00:21] C54: Giuoco Piano: 4 c3 Nf6, main lines with 5 d4 and 5 d3.} 7. Nbd2 O-O 8. O-O h6 9. Re1 Be6 10. Bb5 Ba7 11. Nf1 Ne7 12. Ng3 c6 13. Ba4 b5 14. Bc2 a4 15. Nh4 $146 ({Predecessor:} 15. d4 Ng6 16. b3 axb3 17. axb3 Bb6 18. Be3 Rxa1 19. Qxa1 Qc7 20. Qb2 c5 21. d5 {½-½ Niemann,H (2688)-Caruana,F (2783) Chess.com Rapid Wk22 KO 2022 (2.1)}) 15... d5 16. Qf3 Ng6 17. Nhf5 d4 (17... Re8 {simplifies} 18. Be3 Bxe3 19. fxe3 Bxf5 20. Nxf5 Re6) 18. cxd4 Bxd4 19. Nxd4 Qxd4 20. Bxh6 (20. a3 $11 {keeps the balance.}) 20... Nh4 (20... Qxb2 $1 $17 21. Rec1 b4 (21... gxh6 22. Qxf6 Nf4 23. Rab1 $16)) 21. Qe3 $15 gxh6 22. Qxh6 Ng6 (22... Qxb2 $2 23. Qxf6 (23. Qxh4 Nh7 $18) 23... Rfd8 24. Qxh4 $18) 23. Re3 (23. Bd1 $17) 23... Rfc8 ({Better is} 23... Qxb2 $19 24. Rf1 Qxc2) 24. Rf3 $17 Qd8 (24... Qxb2 $6 25. Rxf6 Qxa1+ 26. Kh2 $11) 25. d4 {[%emt 0:01:30] [#]} Nh7 $1 ({Reject} 25... exd4 $6 26. e5 Qf8 27. Qd2 $11 (27. Qxf8+ Rxf8 28. Rxf6 Nxe5 $15)) 26. Nh5 Qf8 (26... Qxd4 27. Qg7#) 27. Qe3 {[%emt 0:00:28] [#]} (27. Qc1 $1 $15) 27... exd4 $1 $17 28. Qxd4 Qh6 29. Qc5 Rd8 (29... Qg5 30. Qxg5 Nxg5 31. Rg3 $14) 30. Rg3 Rd2 31. f4 Rad8 (31... Rxc2 32. Qxc2 Qxh5 33. f5 $17) 32. Rc1 $2 (32. b3) 32... Bxa2 $19 33. Qe5 (33. Kh2 {was necessary.}) 33... Bc4 34. Nf6+ (34. Bxa4 $142 R2d3 (34... Be2 $2 35. Rxc6 Bxh5 36. Bb3 $19) 35. Rxd3 Rxd3 (35... Bxd3 $2 36. Qc7 $19) 36. Qb8+ Nhf8 37. Bd1) 34... Nxf6 $19 35. Qxf6 R8d6 36. Qf5 Kf8 37. Rg5 Be6 38. Qc5 Nxf4 39. Rf1 Qxg5 0-1

[Event "3rd Sunway Formentera-A 2024"]
[Site "Formentera"]
[Date "2024.04.19"]
[Round "10.6"]
[White "Colbow, Collin"]
[Black "Raja Rithvik R"]
[Result "1-0"]
[ECO "B90"]
[WhiteElo "2376"]
[BlackElo "2532"]
[Annotator "TA"]
[PlyCount "111"]
[EventDate "2024.04.03"]
[EventType "swiss"]
[EventCountry "ESP"]
[SourceTitle "playchess.com"]
[Source "ChessBase"]
[SourceQuality "1"]
[TimeControl "40/5400+30:1800+30"]

1. e4 c5 2. Nf3 d6 3. d4 cxd4 4. Nxd4 Nf6 5. Nc3 a6 6. Qd3 {[%emt 0:00:17] B90: Sicilian Najdorf: Unusual White 6th moves, 6 Be3 Ng4 and 6 Be3 e5.} Nbd7 7. Be2 g6 8. Bg5 Bg7 9. O-O-O h6 10. Bh4 O-O 11. f4 e5 12. Nb3 exf4 13. Qxd6 Nxe4 14. Bxd8 Nxd6 15. Be7 Re8 16. Bxd6 Bxc3 17. Bf3 Bg7 $146 ({Predecessor:} 17... Bf6 18. Bxf4 Ne5 19. Bd5 Bg4 20. Rde1 Re7 21. h3 Be6 22. Bxe6 Rxe6 23. Nd4 Rd6 24. Bxe5 Bxe5 25. Rxe5 Rxd4 {½-½ Tomilin,A (2308)-Gromotka,H (2352) EU-ch 2021 sf15 email}) 18. Bxf4 Ne5 19. Rde1 g5 20. Bg3 Rb8 21. Na5 f5 22. Nc4 f4 23. Bf2 Bd7 24. Nxe5 Rxe5 25. Rxe5 Bxe5 26. Re1 Bf6 27. Rd1 Bc6 $1 28. Bxc6 bxc6 29. Bd4 Be7 30. Bf2 g4 31. c3 Kf7 32. Rd4 Ke6 33. Kc2 (33. Rxf4 $2 Bg5 34. Be3 h5 $19 (34... Bxf4 $2 35. Bxf4 Rf8 36. Bxh6 $19)) 33... Bd6 34. Ra4 Rb5 35. Rxa6 Rh5 36. Bg1 $1 (36. Rxc6 $2 Rxh2 37. Kd3 Kd7 $19 (37... Rxg2 $2 38. Bc5 $19)) 36... g3 (36... f3 $11 37. gxf3 (37. Rxc6 $2 fxg2 38. Ra6 Rf5 $19) 37... gxf3) 37. hxg3 $16 (37. Rxc6 $2 gxh2 38. Bxh2 Rxh2 $19) 37... fxg3 38. Ra4 Rh1 39. Re4+ $1 Kf5 40. Re1 h5 $1 41. Rd1 (41. b4 $14) 41... h4 (41... Rh2 $5 42. Rd2 (42. Rxd6 $2 Rxg2+ 43. Kd3 Rxg1 $19) (42. Bxh2 gxh2 43. b4 Kg4 $11) 42... h4 $11 (42... Rh1 43. Bb6 $17)) 42. a4 Rh2 $1 43. Bxh2 (43. Rxd6 $2 Rxg2+ 44. Kd3 Rxg1 45. Rxc6 g2 $19) 43... gxh2 44. a5 (44. Rxd6 $2 h1=Q (44... h1=R $2 45. b4 $18) 45. Rd2 Qa1 $19) 44... Kg4 45. b4 (45. Rxd6 $2 h1=Q (45... h1=R $2 46. a6 $18) 46. Rd2 Qa1 $19) 45... Kg3 46. a6 (46. Rxd6 $2 h1=Q (46... h1=R $2 47. Rg6+ Kh2 48. Rg4 $18) 47. Rd2 Qe1 $19) 46... Bb8 47. c4 Kxg2 48. b5 cxb5 $1 49. c5 $1 h1=Q (49... h1=R $2 {perishes.} 50. Rxh1 Kxh1 51. c6 $18) 50. Rxh1 Kxh1 51. c6 h3 52. a7 Bxa7 53. c7 h2 54. c8=Q ({Weaker is} 54. c8=R Kg2 55. Rg8+ Kh3 56. Rh8+ Kg2 57. Rg8+ Kf1 $11) 54... Bf2 55. Qg4 b4 56. Kd3 ({And not} 56. Qxb4 Bg3 $11) 1-0

[Event "3rd Sunway Formentera-A 2024"]
[Site "Formentera"]
[Date "2024.04.19"]
[Round "10.7"]
[White "Prado, Alexandra"]
[Black "Botez, Alexandra"]
[Result "1-0"]
[ECO "C02"]
[WhiteElo "1839"]
[BlackElo "1970"]
[Annotator "TA"]
[PlyCount "85"]
[EventDate "2024.04.03"]
[EventType "swiss"]
[EventCountry "ESP"]
[SourceTitle "playchess.com"]
[Source "ChessBase"]
[SourceQuality "1"]
[TimeControl "40/5400+30:1800+30"]

1. e4 e6 2. d4 d5 3. e5 c5 4. c3 Nc6 5. Nf3 Nge7 6. Na3 Nf5 7. Nc2 Be7 8. Bd3 cxd4 9. cxd4 h6 10. O-O g5 (10... h5 $11) 11. g4 $16 Ng7 {[%emt 0:04:15] White is better.} 12. Re1 Bd7 13. Bd2 a5 14. Na3 {[%emt 0:09:33] White is more active.} (14. Qe2 $16) 14... Nb4 (14... Bb4 $11) 15. Bb5 Bc6 16. Qa4 (16. Be2 $16) 16... Qb6 (16... O-O {simplifies} 17. Qd1 Bxb5 18. Nxb5 Qd7) 17. Bxb4 Bxb4 18. Rec1 Kd7 ({Better is} 18... Rc8 $14) 19. Rc2 ({White should play} 19. Bxc6+ $16 bxc6 20. Nc2) 19... Bxa3 $2 {[%emt 0:06:44] This move loses the game for Black.} (19... Rac8 $14) 20. Bxc6+ $18 bxc6 21. Qxa3 Qb4 22. Qd3 Rab8 23. Rac1 Rb6 24. a3 Qe7 (24... Qa4 {was necessary.} 25. Kg2 Kc7) 25. Rc5 a4 (25... Rc8 $142 26. Qh7 (26. Rxa5 Ne8 $18) 26... Ne8 27. Qxh6 (27. Rxa5 Rb3 $18) 27... Rxb2 28. Nxg5 (28. Rxa5 Rb5 $18) 28... Rd2) 26. Qc2 Rc8 27. Qxa4 Qd8 28. b4 Ra8 29. Ra5 Rxa5 30. Qxa5 ({Don't take} 30. bxa5 Qa8 31. Nd2 Ke7) 30... Qb8 {[%emt 0:13:33] Black is weak on the dark squares} 31. Qc5 Ra6 {[%emt 0:00:09] [#]} 32. a4 $1 Ke8 (32... Ne8 33. Qf8) 33. b5 cxb5 34. axb5 Rb6 35. Rb1 Qd8 36. Kg2 Rb8 37. b6 {[%emt 0:00:26] b7 would now be deadly.} Qc8 {[%emt 0:00:45] [#]} 38. b7 $1 Qxc5 39. dxc5 Kd7 40. Nd4 Kc7 41. c6 Ne8 42. Ra1 {[%emt 0:06:25] Black must now prevent Ra8.} f6 43. Ra8 {[%emt 0:00:23] Weighted Error Value: White=0.23 (precise) /Black=0.64.  Loses game:     	---       	Black=1      Mistake:       	White=3     	Black=5      Inaccurate:     	---       	Black=3      OK:         	White=13    	Black=5      Best:        	White=2     	---} (43. Ra6 $142 Rxb7 44. Nxe6+ (44. cxb7 Kxb7 45. Rxe6 fxe5 $18) 44... Kb8 45. cxb7 Kxb7 46. exf6 Kxa6 47. f7 Nd6 48. f8=Q (48. f8=R Kb7 $18)) 1-0

[Event "3rd Sunway Formentera-A 2024"]
[Site "Formentera"]
[Date "2024.04.19"]
[Round "10.8"]
[White "Schulman, Julia"]
[Black "Stark, John"]
[Result "0-1"]
[ECO "C02"]
[WhiteElo "1732"]
[BlackElo "1954"]
[Annotator "TA"]
[PlyCount "80"]
[EventDate "2024.04.03"]
[EventType "swiss"]
[EventCountry "ESP"]
[SourceTitle "playchess.com"]
[Source "ChessBase"]
[SourceQuality "1"]
[TimeControl "40/5400+30:1800+30"]

1. e4 e6 2. d4 d5 3. e5 c5 4. c3 Nc6 5. Nf3 Qb6 6. Na3 cxd4 7. cxd4 Bb4+ 8. Bd2 Nge7 9. Nb5 Bxd2+ {[%emt 0:01:04] The position is equal.} 10. Qxd2 O-O 11. Bd3 h6 12. O-O Kh8 13. a4 a6 {[%emt 0:02:15] [#]} (13... a5 $11) 14. a5 $1 $16 Qd8 15. Nd6 f6 16. Nxc8 (16. Qc3 $16) 16... Rxc8 $11 17. Rfe1 fxe5 18. dxe5 Rxf3 19. gxf3 Nd4 ({Better is} 19... Qf8 $1 $11) 20. Qf4 $14 Nec6 21. Kh1 (21. Re3 $14) 21... Qe7 (21... Qf8 $1 $11 {is more appropriate.} 22. Qxf8+ Rxf8) 22. Qg4 {[%emt 0:02:54] aiming for Qg6.} Rf8 ({Black should play} 22... Qg5 $14) 23. Qg6 $16 {[%emt 0:04:33][%csl Gd3][%cal Rg6h7] [#]} Nf5 24. Bxf5 (24. f4 $16) 24... Rxf5 $11 25. Rac1 Rxf3 26. Rc2 Rf5 {[%emt 0:02:57][%cal Of5g5][%mdl 1024] Black has compensation.} 27. b3 (27. Rg1 $11) 27... Rg5 $17 (27... Nxe5 $2 28. Rxe5 Rf8 29. Qxe6 $18 (29. Rxe6 Qf7 $18)) 28. Qd3 Qb4 (28... Nxe5 29. Rc8+) 29. Ra1 Qg4 {[%emt 0:00:47] Black is more active.} ({Inferior is} 29... Nxe5 30. Rc8+) (29... Rf5 $17 30. Rf1 Nxe5 (30... Nxa5 31. Rc8+ Kh7 32. Re8 $11)) 30. f3 Qf4 31. Ra4 Qxe5 32. Re2 (32. Rg4 $15) 32... Qf6 $40 {[%emt 0:01:19][%mdl 128] ...Ne5 is the strong threat. Black is out for blood.} 33. Rc2 Rf5 34. Qc3 {[%emt 0:08:48] This costs White the game.} (34. f4 $17 {is a better chance.}) 34... d4 $19 {[%emt 0:00:22] Black is clearly winning.} (34... Rxf3 $2 35. Qxf6 Rxf6 (35... gxf6 36. Rg4 $17) 36. Kg2 $19) 35. Qe1 Rxf3 36. Kg2 {[%emt 0:00:45] Against Rf1} (36. Ra1 $142 d3 (36... Rxb3 $2 37. Rg2 $19) 37. Rg2) 36... Re3 37. Qf2 {[%emt 0:00:54] Prevents Qf3+} Qg6+ 38. Kf1 Qe4 {[%emt 0:00:25] And now ...Qh1+ would win.} 39. Re2 Qh1+ 40. Qg1 Qxg1+ {[%emt 0:00:00] Weighted Error Value: White=0.89/Black=0.19 (very precise) .  Loses game:     	White=1     	---        Mistake:       	White=6     	Black=5      Inaccurate:     	White=3     	Black=1      OK:         	White=8     	Black=7      Best:        	White=3     	Black=4      Strong:       	White=1     	---} 0-1

[Event "3rd Sunway Formentera-A 2024"]
[Site "Formentera"]
[Date "2024.04.19"]
[Round "10.9"]
[White "Vantika Agrawal"]
[Black "Balakrishnan, Praveen"]
[Result "0-1"]
[ECO "E08"]
[WhiteElo "2398"]
[BlackElo "2500"]
[Annotator "TA"]
[PlyCount "94"]
[EventDate "2024.04.03"]
[EventType "swiss"]
[EventCountry "ESP"]
[SourceTitle "playchess.com"]
[Source "ChessBase"]
[SourceQuality "1"]
[TimeControl "40/5400+30:1800+30"]

1. d4 d5 2. c4 e6 3. Nf3 Nf6 4. g3 Bb4+ 5. Bd2 Be7 6. Bg2 O-O 7. O-O c6 8. Qc2 Nbd7 9. Bf4 a5 10. Rd1 {[%emt 0:01:29] E08: Closed Catalan: Main Line: 7 Qc2.} h6 11. Nc3 dxc4 12. Nd2 Nb6 13. e4 a4 14. a3 Bd7 15. Nf3 Qc8 16. Ne5 Re8 17. h4 $146 ({Predecessor:} 17. Rac1 Bf8 18. Na2 c5 19. Nxc4 Nxc4 20. Qxc4 b6 21. dxc5 e5 22. Qd3 Bg4 23. cxb6 {0-1 Batchuluun,T (2449)-Tabatabaei,M (2685) Asian Games tt 2023 (7.2)}) 17... c5 18. Nxd7 Nfxd7 19. d5 e5 20. Be3 Nf6 21. d6 Bd8 22. f3 Qc6 23. Bh3 Nbd7 24. Nd5 b5 25. Nxf6+ Nxf6 26. Qf2 Bb6 27. g4 $1 Red8 28. g5 hxg5 29. hxg5 Nh7 $1 30. d7 $1 Nf8 31. Qh4 (31. Kg2 $14) 31... Nxd7 $2 {[%emt 0:00:58] [#]} (31... c3 $15 {keeps the upper hand.} 32. bxc3 c4 33. Bxb6 Qxb6+ 34. Qf2 Qc7) 32. g6 $2 (32. Bxd7 $1 $18 Rxd7 33. Rxd7 Qxd7 34. Kf2) 32... Nf6 $17 (32... Qxg6+ $6 33. Kf2 Nf8 34. Bf5 Rxd1 35. Rxd1 $11) 33. gxf7+ Kxf7 34. Kf2 $2 (34. Qg5 $17 {was called for.}) 34... c3 $19 (34... Rh8 35. Qg3 c3 36. bxc3 $19) 35. bxc3 c4 36. Qg5 Rh8 (36... Bxe3+ $142 37. Kxe3 Qc5+ 38. Ke2 Rd3) 37. Bf5 $2 (37. Rh1 g6 38. Rag1 Bxe3+ 39. Qxe3) 37... Rh2+ 38. Kg3 {[%emt 0:00:28] [#]} Rah8 $1 39. Qg6+ Kf8 40. Rd7 Nh5+ ({Inferior is} 40... Bxe3 41. Qf7#) (40... Qxd7 $142 41. Bh6 R8xh6 (41... R2xh6 $2 42. Qxh6 Rxh6 43. Bxd7 $19) 42. Qxh6 Rxh6 43. Bxd7 Nxd7 44. f4 exf4+ 45. Kxf4 Rh3 46. e5 Rxc3 47. Rb1 Rxa3 48. Rb2 c3 49. Rg2 b4 50. Rc2 Bd4 51. Ke4 b3 (51... Bxe5 52. Rf2+ Ke7 53. Kd3 b3 54. Rf1 b2 55. Kc2 Ra1 56. Rb1 Kf8 57. Kd3 Rxb1 58. Ke4 Re1+ 59. Kf5 b1=Q+ 60. Ke6 Qg6+ 61. Kd5 Qe4+ 62. Ke6 Nc5#) 52. Rc1 Bxe5 53. Rh1 b2 54. Kd3 Ra1 (54... g5 55. Rf1+ Nf6 56. Rb1 Ra1 57. Kc2 a3 58. Kd3 Rxb1 59. Kc4 Rd1 60. Kb4 b1=Q+ 61. Kxa3 Bd6+ 62. Ka4 Qb4#) 55. Rb1 a3 (55... Rxb1 56. Ke4 Re1+ 57. Kf5 b1=Q+ 58. Ke6 Qg6+ 59. Kd5 Qe4+ 60. Ke6 Nc5#) 56. Ke4 Rxb1 (56... a2 57. Rxa1 bxa1=Q 58. Ke3 Qf1 59. Ke4 a1=Q 60. Kd5 Qd3+ 61. Ke6 Qaa6#) 57. Kf3 Re1 (57... Rf1+ 58. Ke4 b1=Q+ 59. Kd5 Qd3+ 60. Kc6 Rf6+ 61. Kb7 Qa6#) 58. Kg2 b1=Q (58... b1=B 59. Kf2 c2 60. Kxe1 c1=Q+ 61. Ke2 Be4 62. Kf2 Qd1 63. Ke3 Qe1#) 59. Kf2 Qd3 60. Kxe1 Bg3#) 41. Kxh2 $19 Nf4+ 42. Kg3 Nxg6 43. Bxb6 Qxb6 44. Rad1 Rh6 45. R7d6 Qe3 46. Bxg6 Qg5+ ({Weaker is} 46... Qxc3 47. Re6 Rxg6+ (47... Qxa3 48. Re8#) 48. Rxg6 $19) 47. Kf2 Rh2+ 0-1

[Event "3rd Sunway Formentera-A 2024"]
[Site "Formentera"]
[Date "2024.04.19"]
[Round "10.10"]
[White "Tokhirjonova, Gulrukhbegim"]
[Black "Kazarian, Anna-Maja"]
[Result "1-0"]
[ECO "A05"]
[WhiteElo "2357"]
[BlackElo "2207"]
[Annotator "TA"]
[PlyCount "71"]
[EventDate "2024.04.03"]
[EventType "swiss"]
[EventCountry "ESP"]
[SourceTitle "playchess.com"]
[Source "ChessBase"]
[SourceQuality "1"]
[TimeControl "40/5400+30:1800+30"]

1. Nf3 Nf6 2. g3 b5 3. Bg2 Bb7 4. O-O e6 5. d3 d6 6. e4 Nbd7 7. Nbd2 Be7 8. h3 O-O 9. Qe2 {[%emt 0:05:39] The position is equal.} c5 10. Nh2 Qb6 11. Kh1 g6 12. b3 e5 13. c4 b4 14. Ndf3 a5 15. Bg5 Rfe8 16. h4 (16. a3 $11) 16... Nf8 ({Black should try} 16... a4 $17) 17. Qd2 Bc8 18. Ng1 Ne6 19. Be3 (19. Bxf6 $11 {keeps the balance.} Bxf6 20. Ngf3) 19... a4 $17 20. Ne2 Ng7 (20... Ra6 $17) 21. f4 (21. a3 $11 {remains equal.}) 21... Ra7 22. Bf3 Bh3 23. Rfb1 (23. Rg1 $15) 23... Rea8 24. Qb2 (24. bxa4 $142 Rxa4 25. Rb2) 24... Nfh5 $2 (24... Qd8 $17 {and life is bright. ...Qd7 is the strong threat.} 25. Rd1 h5) 25. fxe5 $16 dxe5 {[%emt 0:06:30] [#]} ({But not} 25... a3 $2 26. Qd2 $18) 26. g4 $1 Nf4 27. Bxf4 exf4 28. Nxf4 {[%emt 0:00:26] And now e5 would win.} Qf6 29. Nxh3 {[%emt 0:00:25] Strongly threatening e5.} axb3 $2 {[%emt 0:03:32][%mdl 8192] [#] Loses the game.} (29... Qxb2 $1 $14 30. Rxb2 axb3) 30. e5 $1 $18 ({Less strong is} 30. Qxb3 Qxh4 31. Bg2 h5 32. gxh5 Nxh5 $16) 30... Qxh4 31. Bxa8 {[%emt 0:00:11] White is clearly winning.} ({Worse is} 31. axb3 Rxa1 32. Rxa1 Rxa1+ 33. Qxa1 Qxh3 34. Qa8+ Bf8 $15) 31... Rxa8 32. Nf4 h5 33. axb3 Rxa1 34. Rxa1 hxg4 35. Ng2 Qh5 36. Qe2 {[%emt 0:00:26] Weighted Error Value: White=0.22 (precise) /Black=0.50.  Loses game:     	---       	Black=1      Mistake:       	White=5     	Black=3      Inaccurate:     	White=4     	Black=3      OK:         	White=6     	Black=7      Best:        	White=3     	---        Strong:       	White=2     	---} 1-0

[Event "3rd Sunway Formentera-A 2024"]
[Site "Formentera"]
[Date "2024.04.19"]
[Round "10.11"]
[White "Maisuradze, Nino"]
[Black "Botez, Andrea"]
[Result "1-0"]
[ECO "E73"]
[WhiteElo "2191"]
[BlackElo "1879"]
[Annotator "TA"]
[PlyCount "39"]
[EventDate "2024.04.03"]
[EventType "swiss"]
[EventCountry "ESP"]
[SourceTitle "playchess.com"]
[Source "ChessBase"]
[SourceQuality "1"]
[TimeControl "40/5400+30:1800+30"]

1. d4 Nf6 2. c4 g6 3. Nc3 Bg7 4. e4 d6 5. Be2 O-O 6. h4 h5 7. Bg5 c5 8. d5 e6 9. Qd2 exd5 {[%emt 0:08:32] White is slightly better.} 10. exd5 Bf5 11. f3 Re8 12. Nh3 Nbd7 13. Nf2 {[%emt 0:00:35][%cal Og2g4] [#] Strongly threatening g4!} Qa5 14. O-O {[%emt 0:08:50][%cal Bh1f1,Bf1f7,Bf7g7][%mdl 32] aiming for g4.} Qb6 15. Rae1 Kh7 $2 {[%emt 0:09:27][%mdl 8192] This move loses the game for Black.} (15... Ne5 $16 {is more resistant.}) 16. g4 $18 hxg4 17. fxg4 Ne4 $2 (17... Rxe2 18. Qxe2 (18. Nxe2 Ne5 $18) 18... Re8) 18. Nfxe4 {[%emt 0:00:45] White is clearly winning.} Bxe4 19. Rxf7 {[%emt 0:00:45][%cal Og5h6] [#] Black must now prevent Bh6!} Ne5 20. Rxg7+ {[%emt 0:05:30] Weighted Error Value: White=0.03 (flawless) /Black=0.57.  Loses game:     	---       	Black=1      Mistake:       	---       	Black=1      Inaccurate:     	---       	Black=2      OK:         	White=7     	Black=3      Best:        	White=2     	---} 1-0

[Event "3rd Sunway Formentera-A 2024"]
[Site "Formentera"]
[Date "2024.04.19"]
[Round "10.12"]
[White "Tsatsalashvili, Keti"]
[Black "Mazet, Julien"]
[Result "1/2-1/2"]
[ECO "A53"]
[WhiteElo "2315"]
[BlackElo "2031"]
[Annotator "TA"]
[PlyCount "86"]
[EventDate "2024.04.03"]
[EventType "swiss"]
[EventCountry "ESP"]
[SourceTitle "playchess.com"]
[Source "ChessBase"]
[SourceQuality "1"]
[TimeControl "40/5400+30:1800+30"]

1. Nf3 d6 2. d4 Nf6 3. c4 Bg4 4. g3 Nbd7 5. Bg2 c6 6. Nc3 e5 7. O-O Be7 8. h3 Bh5 9. Nh4 Bg6 10. e4 O-O 11. Nf5 Bxf5 12. exf5 Qb6 (12... Nb6 $11 {remains equal.}) 13. dxe5 (13. d5 $1 $16) 13... dxe5 $14 14. Qe2 Qc7 {[%emt 0:04:48] White is slightly better.} 15. Be3 Bc5 16. Rad1 a5 17. g4 h6 18. h4 {[%emt 0:01:45] Black must now prevent g5.} Bxe3 19. fxe3 {[%emt 0:00:02] Strongly threatening g5.} Nh7 20. Ne4 {[%emt 0:01:46] Inhibits Nc5. g5 would now be deadly. White is much more active. Black is weak on the light squares} Ndf6 {[%emt 0:02:21] [#]} 21. Nf2 {[%emt 0:26:47] [#]} (21. Nxf6+ $1 $16 gxf6 22. Rd3) 21... e4 $1 $15 22. Nh1 {[%emt 0:04:37] Prevents Qg3} Rad8 23. Bh3 (23. Rxd8 $15 Rxd8 24. Rf4) 23... Rxd1 (23... Nd7 $17 24. Bg2 Nc5) 24. Rxd1 Rd8 25. Kg2 Qe7 26. Rxd8+ Qxd8 27. Qc2 {[%emt 0:01:21] [#]} (27. Nf2 $15) 27... Nd7 $1 $17 28. Qxe4 Qxh4 29. Nf2 Qf6 (29... Qd8 $17 30. Qd4 Ng5) 30. Qd4 $15 Qe7 31. Kf1 Ng5 32. Bg2 {[%emt 0:00:06] Prevents Nf3} Ne5 33. c5 Kf8 ({Black should play} 33... f6 $17) 34. Ke2 $11 f6 35. Qc3 (35. a3 $11) 35... Qc7 $15 36. Qd4 Ke8 37. b3 Qf7 38. Qd6 {[%emt 0:01:32] aiming for Qb8+.} Qe7 (38... Qd7 {feels hotter.} 39. Qb8+ Kf7 40. Qa8 g6) 39. Qd4 ({White should try} 39. Qxe7+ $1 $11 Kxe7 40. a3) 39... Qc7 40. Qf4 Qe7 41. Qd4 Qc7 42. Qf4 $1 Qe7 43. Qd4 Qc7 {[%emt 0:40:27] Weighted Error Value: White=0.19 (very precise) /Black=0.23 (precise) .  Mistake:       	White=6     	Black=4      Inaccurate:     	White=1     	Black=4      OK:         	White=9     	Black=10     Best:        	White=2     	---        Strong:       	White=1     	Black=1} (43... Nd7 $15 44. Nd3 Nf7) 1/2-1/2